 Dungeon Crawl Stone Soup version 0.30-a0-718-geaa24f58ff (webtiles) character file.

Game seed: 4482771985002079967

57879 hikkokomori the Fighter (level 14, -4/80 HPs)
             Began as a Vine Stalker Fighter on Jan 26, 2023.
             Was the Champion of Okawaru.
             Slain by an orc knight
             ... wielding a +2 long sword
              (16 damage)
             ... on level 1 of the Orcish Mines.
             The game lasted 00:44:14 (17816 turns).

hikkokomori the Fighter (Vine Stalker Fighter)     Turns: 17816, Time: 00:44:15

Health: -4/80      AC: 19    Str: 33    XL:     14   Next: 88%
Magic:  0/20       EV: 22    Int: 14    God:    Okawaru [******]
Gold:   770        SH: 15    Dex: 23    Spells: 6/13 levels left

rFire   . . .      SeeInvis .    n - +4 quick blade (venom)
rCold   + . .      Faith    +    Z - +5 buckler of Toelategh {*Corrode Str+5}
rNeg    . . .      Spirit   +    k - +0 plate armour
rPois   .          Reflect  .    A - +1 hat {Will+}
rElec   .          Harm     .    (no cloak)
rCorr   .          Rampage  .    (no gloves)
Will    ++...                    x - +0 pair of boots Stlth
                                 K - amulet of faith
HPRegen 1.13/turn                R - ring of Baqeutodd {rF+ rC+ Int+4 Dex+3}
MPRegen 0.17/turn                z - ring of Equilibrium {Contam rF- EV+5 Str+10 Int+2}

@: heroic
A: fangs 3, regeneration 1, magic shield, antimagic bite, no potion heal 2
a: Renounce Religion, Heroism, Finesse, Duel


You were on level 1 of the Orcish Mines.
You worshipped Okawaru.
Okawaru was exalted by your worship.
You visited 4 branches of the dungeon, and saw 19 of its levels.
You also visited: Sewer.

You collected 1468 gold pieces.
You spent 698 gold pieces at shops.

Inventory:

Hand Weapons
 a - a +1 rapier
 n - a +4 quick blade of venom (weapon)
 S - a +4 dagger of protection
 X - the +2 dagger of the Evening {heavy, rElec}
   (Okawaru gifted it to you on level 5 of the Lair of Beasts)

   rElec:     It insulates you from electricity.
Missiles
 C - 2 throwing nets (quivered)
 O - 2 atropa-tipped darts
Armour
 b - a +0 scale mail
 c - a +0 buckler
 k - a +0 plate armour (worn)
 m - a +0 kite shield
 w - a +0 chain mail
 x - a +0 pair of boots (worn)
 A - a +1 hat of willpower (worn)
 J - a +0 helmet
 Z - the +5 buckler of Toelategh (worn) {*Corrode Str+5}
   (Okawaru gifted it to you on level 5 of the Lair of Beasts)

   Str:       It affects your strength (+5).
   *Corrode:  It may corrode you when you take damage.
Jewellery
 o - an amulet of reflection
 u - the ring "Waucw" {Fly rPois Str+2}
   (You acquired it on level 5 of the Dungeon)

   [ring of flight]

   Str:       It affects your strength (+2).
   rPois:     It protects you from poison.
   Fly:       It grants you flight.
 z - the ring of Equilibrium (right hand) {Contam rF- EV+5 Str+10 Int+2}
   (You acquired it on level 5 of the Dungeon)

   [ring of evasion]

   EV:        It affects your evasion (+5).
   Str:       It affects your strength (+10).
   Int:       It affects your intelligence (+2).
   rF:        It makes you vulnerable to fire.
   Contam:    It causes magical contamination when unequipped.
 F - a ring of willpower
 K - an amulet of faith (around neck)
 R - the ring of Baqeutodd (left hand) {rF+ rC+ Int+4 Dex+3}
   (You bought it in a shop on level 2 of the Dungeon)

   [ring of protection from cold]

   Int:       It affects your intelligence (+4).
   Dex:       It affects your dexterity (+3).
   rF:        It protects you from fire.
   rC:        It protects you from cold.
 V - a ring of resist corrosion
 W - a ring of willpower
Wands
 s - a wand of paralysis (12)
 E - a wand of polymorph (11)
 G - a wand of roots (14)
 L - a wand of mindburst (7)
 N - a wand of digging (4)
Scrolls
 l - a scroll of torment
 p - a scroll of fog
 r - a scroll of silence
 t - 2 scrolls of amnesia
 y - a scroll of magic mapping
 H - 4 scrolls of immolation
 I - 2 scrolls of poison
 M - 5 scrolls of teleportation
 P - 2 scrolls of enchant armour
 T - 2 scrolls of butterflies
 U - 2 scrolls of identify
Potions
 d - 7 potions of might
 e - 8 potions of curing
 f - 5 potions of ambrosia
 g - 4 potions of haste
 h - 7 potions of lignification
 i - 2 potions of brilliance
 j - a potion of cancellation
 q - 4 potions of mutation
 v - 5 potions of heal wounds
 B - a potion of resistance
 D - a potion of flight
 Q - 3 potions of attraction


   Skills:
 + Level 12.0(17.0) Fighting
 - Level 8.7(13.7) Short Blades
 + Level 10.2(15.2) Armour
 + Level 7.2(12.2) Dodging
 + Level 12.0(17.0) Shields
 + Level 3.8 Transmutations
 - Level 7.2 Invocations


You had 6 spell levels left.
You knew the following spells:

 Your Spells              Type           Power      Damage    Failure   Level
a - Iskenderun's Mystic   Conj/Tloc      0%         2d3       100%        4
b - Summon Small Mammal   Summ           0%         N/A       83%         1
c - Wereblood             Tmut           10%        N/A       43%         2

Your spell library contained the following spells:

 Spells                   Type           Power      Damage    Failure   Level
 Beastly Appendage        Tmut           20%        N/A       32%         1
 Sting                    Tmut/Pois      20%        1d4       56%         1
 Magic Dart               Conj           0%         1d3       83%         1
 Spider Form              Tmut/Pois      5%         N/A       91%         3
 Ensorcelled Hibernation  Hex/Ice        0%         N/A       92%         2
 Poisonous Vapours        Pois/Air       0%         N/A       92%         2
 Searing Ray              Conj           0%         2d4       92%         2
 Dazzling Flash           Conj/Hex       0%         N/A       99%         3
 Gell's Gravitas          Tloc           0%         N/A       99%         3
 Kindle Blastsparks       Fire/Tloc/Air  0%         2d10      99%         3
 Teleport Other           Tloc           0%         N/A       99%         3
 Anguish                  Hex/Necr       0%         N/A       100%        4
 Fulminant Prism          Conj/Hex       0%         3d5       100%        4
 Leda's Liquefaction      Hex/Erth       0%         N/A       100%        4
 Olgreb's Toxic Radiance  Pois           0%         N/A       100%        4
 Petrify                  Tmut/Erth      5%         N/A       100%        4
 Freezing Cloud           Conj/Ice/Air   0%         6-21      100%        5
 Lee's Rapid Deconstruct  Erth           0%         3d4*      100%        5
 Metabolic Englaciation   Hex/Ice        0%         N/A       100%        5
 Dispersal                Tloc           0%         N/A       100%        6
 Starburst                Conj/Fire      0%         6d3       100%        6
 Statue Form              Tmut/Erth      3%         N/A       100%        6
 Polar Vortex             Ice            0%         N/A       100%        9
 Call Canine Familiar     Summ           Unusable   N/A       N/A         3
 Summon Guardian Golem    Hex/Summ       Unusable   N/A       N/A         3
 Simulacrum               Ice/Necr       Unusable   N/A       N/A         6

Dungeon Overview and Level Annotations

Branches:
Dungeon (11/15)            Temple (1/1) D:6            Lair (5/5) D:11
 Shoals (0/4) Lair:3       Spider (0/4) Lair:2        Slime (0/5) Lair:4
    Orc (2/2) D:11          Sewer (visited)
    Elf: Orc:2

Altars:
Ashenzari
Cheibriados
Dithmenos
Elyvilon
Fedhas
Gozag
Hepliaklqana
Kikubaaqudgha
Makhleb
Nemelex Xobeh
Okawaru
Qazlal
Ru
Sif Muna
Trog
Uskayaw
Vehumet
Wu Jian
Xom
Yredelemnul
Zin
The Shining One
Jiyva
Lugonu

Shops:
D:1 (   D:2 =   D:6 (   D:8 (   D:9 [   D:10 *   Orc:2 (

Portals:
Abyss: Lair:5

Annotations:
Lair:5 3 runed translucent doors, Orangeyouglad's ghost, journeyman HuHu


Innate Abilities, Weirdness & Mutations

You have razor-sharp teeth.
Your natural rate of healing is unusually fast.
When hurt, damage is shared between your health and your magic reserves.
Your bite disrupts and absorbs the magic of your enemies.
Potions cannot restore your health.


Message History

You hit the orc warrior but do no damage.
The orc warrior looks as sick as possible!
The orc warrior is moderately wounded.
You hit the orc warrior but do no damage.
The orc warrior looks as sick as possible!
The orc warrior is moderately wounded.
You completely miss the orc warrior.
The orc warrior is moderately wounded.
You hit the orc warrior but do no damage.
The orc warrior looks as sick as possible!
You bite the orc warrior! You drain its power.
You feel invigorated.
The orc warrior is severely wounded.
The orc knight hits you with a +2 long sword!
The orc warrior closely misses you.
You hit the orc warrior but do no damage.
The orc warrior looks as sick as possible!
The orc warrior is heavily wounded.
You hit the orc warrior.
The orc warrior looks as sick as possible!
You bite the orc warrior. You drain its power.
You feel invigorated.
The orc warrior is severely wounded.
You hit the orc warrior. You bite the orc warrior. You drain its power.
The orc warrior is almost dead.
The orc knight hits you with a +2 long sword!
The orc warrior hits you but does no damage.
You closely miss the orc warrior.
You bite the orc warrior, but do no damage.
The orc warrior is almost dead.
You hit the orc warrior but do no damage.
The orc warrior looks as sick as possible!
You bite the orc warrior.
You kill the orc warrior!
Okawaru accepts your kill.
You closely miss the orc knight.
The orc knight is moderately wounded.
The orc knight hits you with a +2 long sword!!
* * * LOW HITPOINT WARNING * * *
You gain the combat prowess of a mighty hero.
The orc knight hits you with a +2 long sword!!
You die...

##.#............#
#...........##.##
##..#.......#####
#............#
##..........#### ###
##......#...#.## ##.##
##...[...#.#...###...#
#..)[).....#..##.##.##
##.[><@.......#......#
#.))o[.#....##..##.##
##...............#.##
#........#..........#
#...................#
##.....#.........#.##
#..........#....####
##.....#...#.....#
##......#...##.#.##


You could see an orc knight (strong).

Vanquished Creatures
  Gastronok (Lair:3)
  Snorg (Lair:3)
  3 hydras
  A catoblepas (Lair:5)
  A boulder beetle (D:11)
  A two-headed ogre (D:9)
  4 thrashing horrors (Lair:5)
  3 death yaks (Lair:1)
  An orc high priest (Orc:1)
  3 large abominations (Lair:5)
  A sea snake (Lair:1)
  A lindwurm (Lair:4)
  2 orc knights
  A manticore (D:11)
  An ugly thing (D:9)
  4 elephants (Lair:5)
  2 merfolk sirens (Lair:3)
  2 black mambas
  3 smoke demons (Lair:5)
  A torpor snail (Lair:4)
  2 unseen horrors
  15 cane toads
  8 komodo dragons
  3 rime drakes (Lair:2)
  A polar bear (shapeshifter) (Lair:5)
  An ancient zyme (Lair:5)
  2 merfolk (Lair:3)
  4 trolls
  33 blink frogs
  3 polar bears
  A hornet (shapeshifter) (Lair:5)
  2 hornets
  10 dream sheep
  2 spriggans (Lair:5)
  A shadow (D:9)
  9 wyverns
  A ynoxinul (Lair:5)
  A wraith (D:10)
  3 fire bats (Lair:1)
  58 yaks
  A chaos spawn (Lair:5)
  3 redbacks (Lair:2)
  2 steam dragons
  10 basilisks
  A warg (Orc:1)
  10 small abominations (Lair:5)
  9 water moccasins
  A black bear (D:7)
  15 orc warriors
  A sky beast (D:7)
  4 ogres
  2 centaurs
  7 wolves
  2 phantoms
  5 kobold brigands
  2 gnoll sergeants
  3 necrophages
  12 bullfrogs
  Blork the orc (D:5)
  A scorpion (D:4)
  11 wights
  7 killer bees (D:7)
  3 howler monkeys (D:8)
  3 electric eels
  13 orc priests
  2 gnoll boudas (D:9)
  3 hounds
  4 jellies
  5 orc wizards
  5 iguanas
  4 hell rats (Lair:5)
  14 adders
  18 gnolls
  A river rat (D:5)
  A white imp (D:3)
  An ufetubus (D:4)
  3 worms
  3 dart slugs
  63 orcs
  14 ball pythons
  10 endoplasms
  4 giant cockroaches
  13 goblins
  9 hobgoblins
  4 jackals (D:1)
  31 kobolds
  6 quokkas
  9 bats
  12 frilled lizards
  11 rats
576 creatures vanquished.

Vanquished Creatures (others)
  26 fungi
  28 plants
54 creatures vanquished.

Grand Total: 630 creatures vanquished

Notes
Turn   | Place    | Note
-------+----------+-------------------------------------------
     0 | D:1      | hikkokomori the Vine Stalker Fighter began the quest for
                  | the Orb.
     0 | D:1      | Reached XP level 1. HP: 11/11 MP: 2/2
   150 | D:1      | Reached XP level 2. HP: 6/16 MP: 3/3
   558 | D:1      | Reached XP level 3. HP: 20/20 MP: 4/4
   773 | D:1      | Found a faded altar of an unknown god.
   859 | D:1      | Found Nempovics's Antique Weapon Emporium.
  1019 | D:2      | Found Ublitwuv's Jewellery Shop.
  1321 | D:2      | Gained mutation: Your natural rate of healing is unusually
                  | fast. [Vine Stalker growth]
  1321 | D:2      | Reached XP level 4. HP: 19/24 MP: 5/5
  1809 | D:3      | Reached XP level 5. HP: 28/28 MP: 6/6
  2675 | D:4      | Reached XP level 6. HP: 33/33 MP: 7/7
  2759 | D:4      | Learned a level 4 spell: Iskenderun's Mystic Blast
  2999 | D:4      | Found a glowing silver altar of Zin.
  3084 | D:5      | Entered Level 5 of the Dungeon
  3118 | D:5      | Reached XP level 7. HP: 38/38 MP: 8/8
  3120 | D:5      | Identified a scroll of acquirement
  3155 | D:5      | Noticed Blork the orc
  3167 | D:5      | Killed Blork the orc
  3189 | D:5      | Found a glowing drain.
  3233 | Sewer    | Entered a sewer
  3361 | Sewer    | Found a viscous altar of Jiyva.
  3507 | Sewer    | Reached skill level 5 in Fighting
  3564 | D:5      | Acquired the ring "Waucw" {Fly rPois Str+2}
  3612 | D:5      | Reached skill level 5 in Shields
  3617 | D:5      | Acquired the ring of Equilibrium {Contam rF- EV+5 Str+10
                  | Int+2}
  3984 | D:5      | Acquired a +2 quick blade of venom
  4218 | D:6      | Found a staircase to the Ecumenical Temple.
  4230 | Temple   | Entered the Ecumenical Temple
  4588 | D:6      | Learned a level 1 spell: Summon Small Mammal
  4691 | D:6      | Found Imaeny's Antique Weapon Shoppe.
  4702 | D:6      | Gained mutation: You have razor-sharp teeth. [Vine Stalker
                  | growth]
  4702 | D:6      | Reached XP level 8. HP: 42/43 MP: 9/9
  4851 | D:6      | Reached skill level 5 in Short Blades
  5346 | D:7      | Noticed a hornet
  5352 | D:7      | Killed a hornet
  5482 | D:7      | Reached XP level 9. HP: 48/48 MP: 10/10
  6561 | D:8      | Found Yxezamp's Antique Weapon Shop.
  7239 | D:9      | Noticed a hornet
  7250 | D:9      | Killed a hornet
  7251 | D:9      | Reached skill level 5 in Armour
  7251 | D:9      | Reached XP level 10. HP: 40/55 MP: 11/11
  7293 | D:9      | Noticed a green ugly thing
  7312 | D:9      | Killed a green ugly thing
  7768 | D:9      | Found Luobik's Armour Shoppe.
  7812 | D:9      | Noticed a two-headed ogre
  7825 | D:9      | Killed a two-headed ogre
  8723 | D:10     | Entered Level 10 of the Dungeon
  8744 | D:10     | Noticed an orc knight
  8782 | D:10     | Killed an orc knight
  8979 | D:10     | Found an opulent altar of Gozag.
  9074 | D:10     | Found a hide-covered altar of Uskayaw.
  9080 | D:10     | Killed an unseen horror
  9081 | D:10     | Reached XP level 11. HP: 47/60 MP: 12/12
  9082 | D:10     | Found an iron altar of Okawaru.
  9145 | D:10     | Became a worshipper of Warmaster Okawaru
  9166 | D:10     | Found Ysoch's Hallowed Reliquary.
  9172 | D:10     | Noticed an angel
  9695 | D:11     | Noticed a boulder beetle
  9713 | D:11     | Killed a boulder beetle
  9713 | D:11     | Reached * piety under Okawaru
  9855 | D:11     | Noticed a manticore
  9894 | D:11     | Killed a manticore
 10040 | D:10     | Learned a level 2 spell: Wereblood
 10122 | D:11     | Reached ** piety under Okawaru
 10168 | D:11     | Reached skill level 1 in Dodging
 10203 | D:11     | Found a staircase to the Orcish Mines.
 10243 | D:11     | Found a staircase to the Lair.
 10662 | D:11     | Found a glowing golden altar of the Shining One.
 10725 | Lair:1   | Entered Level 1 of the Lair of Beasts
 10726 | Lair:1   | Noticed Urug
 10727 | Lair:1   | Urug changed into Urug the sea snake
 10727 | Lair:1   | Noticed Urug
 10753 | Lair:1   | Killed Urug the sea snake
 10782 | Lair:1   | Reached skill level 1 in Invocations
 10799 | Lair:1   | Reached *** piety under Okawaru
 11061 | D:2      | Bought the ring of Baqeutodd {rF+ rC+ Int+4 Dex+3} for 698
                  | gold pieces
 11286 | Lair:1   | Reached XP level 12. HP: 37/67 MP: 9/14
 11476 | Lair:1   | Reached **** piety under Okawaru
 11529 | Lair:1   | Noticed a death yak
 11551 | Lair:1   | Killed a death yak
 11559 | Lair:1   | Noticed a death yak
 11584 | Lair:1   | Killed a death yak
 11584 | Lair:1   | Received a gift from Okawaru
 11596 | Lair:1   | Noticed a death yak
 11614 | Lair:1   | Killed a death yak
 11721 | Lair:1   | Reached ***** piety under Okawaru
 11774 | Lair:1   | You fall into a shaft and drop 1 floor!
 11810 | Lair:2   | Reached skill level 10 in Fighting
 11815 | Lair:2   | Reached skill level 10 in Shields
 12007 | Lair:2   | Found a hole to the Spider Nest.
 12089 | Lair:2   | Received a gift from Okawaru
 13297 | Lair:3   | Reached XP level 13. HP: 72/72 MP: 17/17
 13345 | Lair:3   | Noticed Snorg
 13374 | Lair:3   | Killed Snorg
 13374 | Lair:3   | Received a gift from Okawaru
 13397 | Lair:3   | Reached skill level 5 in Invocations
 13551 | Lair:3   | Found a staircase to the Shoals.
 13770 | Lair:3   | Reached skill level 5 in Dodging
 13823 | Lair:3   | Noticed Gastronok
 13854 | Lair:3   | Killed Gastronok
 13929 | Lair:3   | Reached ****** piety under Okawaru
 14725 | Lair:4   | Found a viscous altar of Jiyva.
 14725 | Lair:4   | Found a staircase to the Slime Pits.
 14894 | Lair:4   | Received a gift from Okawaru
 15453 | Lair:5   | Entered Level 5 of the Lair of Beasts
 15647 | Lair:5   | Found a runed translucent gate.
 15648 | Lair:5   | Found a runed translucent gate.
 15648 | Lair:5   | Noticed Orangeyouglad's ghost (journeyman HuHu)
 15650 | Lair:5   | Found a runed translucent gate.
 15682 | Lair:5   | Reached XP level 14. HP: 77/79 MP: 20/20
 15773 | Lair:5   | Identified the +2 dagger of the Evening {heavy, rElec}
                  | (Okawaru gifted it to you on level 5 of the Lair of Beasts)
 15773 | Lair:5   | Received a gift from Okawaru
 16047 | Lair:5   | Reached skill level 1 in Transmutations
 16328 | Lair:5   | Identified the +5 buckler of Toelategh {*Corrode Str+5}
                  | (Okawaru gifted it to you on level 5 of the Lair of Beasts)
 16328 | Lair:5   | Received a gift from Okawaru
 16922 | Lair:5   | Reached skill level 10 in Armour
 17103 | Lair:5   | Found a corrupted altar of Lugonu.
 17103 | Lair:5   | Found a one-way gate to the infinite horrors of the Abyss.
 17351 | Orc:1    | Entered Level 1 of the Orcish Mines
 17582 | Orc:2    | Entered Level 2 of the Orcish Mines
 17582 | Orc:2    | Found Deodim's Antique Weapon Shoppe.
 17793 | Orc:2    | Noticed an orc warlord
 17816 | Orc:1    | Slain by an orc knight

Illustrated notes

Levels and vault maps discovered:
D:1:      dpeg_arrival_castle, layout_basic, serial_shops, shop,
          shapermc_ecumenical_altar_venn
D:2:      cheibrodos_greedy_goblins, layout_basic, serial_shops, shop_statue,
          minmay_tetromino_o2
D:3:      layout_loops_ring
D:4:      layout_gridville, zin_statuary
D:5:      layout_basic, portal_sewer_entry_a, uniq_blork_the_orc
D:6:      layout_basic, minmay_temple_entry_grid, serial_shops, shop
D:7:      layout_layer_cave, eino_jars
D:8:      layout_basic, serial_shops, nicolae_shop_crystal
D:9:      layout_grid_maze, serial_shops, nicolae_stop_n_shop_2,
          kennysheep_generic_room_8
D:10:     layout_basic, nicolae_gozag_cash_rules_everything_around_me,
          jmf_multi_god_temple, dk_noncrumbling_3, minmay_misc_feat_enclosed,
          nicolae_good_shop
D:11:     layout_small_grid, minmay_lair_entry_grove, david_orc_5,
          nicolae_tso_carved_into_rock
Temple:   mainiacjoe_temple_bowtie_tessellation
Lair:1:   layout_gridlike, uniq_urug
Lair:2:   layout_regular_city, spider_nest_entry_webs
Lair:3:   layout_small_grid, elwin_shoals_entry_stream, uniq_gastronok,
          uniq_snorg
Lair:4:   statuecave_lemuel, layout_misc_corridors, slime_entry_1
Lair:5:   hellmonk_lair_end_abyssal_woods, layout_small_grid,
          gammafunk_ghost_split, st_stairs_3
Orc:1:    layout_caves, uniq_erica
Orc:2:    grunt_orc_gardens, layout_diamond_mine, grunt_orc_garden,
          grunt_orc_garden, grunt_orc_garden, grunt_orc_garden

Skill      XL: |  1  2  3  4  5  6  7  8  9 10 11 12 13 14 |
---------------+-------------------------------------------+-----
Short Blades   | 2 3 4 5 7 8 |  8.7
Fighting       | 3 4 5 6 7 8 9 10 11 12 | 12.0
Shields        | 3 4 5 6 7 8 9 10 11 12 | 12.0
Armour         | 3 5 6 7 8 9 10 | 10.2
Dodging        | 2 4 6 7 |  7.2
Invocations    | 1 4 6 7 |  7.2
Transmutations | 3 |  3.8

Action                     |  1- 3 |  4- 6 |  7- 9 | 10-12 | 13-15 || total
---------------------------+-------+-------+-------+-------+-------++-------
  Melee: Rapier            |   125 |   185 |   121 |       |       ||   431
         Bite              |    26 |    49 |   109 |   432 |   614 ||  1230
         Quick blade       |       |       |   261 |   971 |  1235 ||  2467
  Throw: Dart              |       |       |       |       |     1 ||     1
 Invoke: Heroism           |       |       |       |     2 |     7 ||     9
  Evoke: Wand              |       |       |     2 |     2 |     3 ||     7
    Use: Scroll            |       |       |    16 |    12 |    11 ||    39
         Potion            |       |       |       |       |     2 ||     2
   Stab: Paralysed         |       |       |     6 |       |       ||     6
 Armour: Scale mail        |    60 |    18 |       |       |       ||    78
         Plate armour      |       |    99 |    97 |   138 |   169 ||   503
  Dodge: Dodged            |    61 |    43 |    71 |   190 |   348 ||   713
  Block: Buckler           |    30 |    77 |   144 |   213 |   311 ||   775
         Kite shield       |       |     2 |       |       |       ||     2
         Reflection        |       |     1 |     2 |     5 |       ||     8

Table legend: (Time is in decaauts)
 A = Elapsed time spent in this place.
 B = Non-inter-level travel time spent in this place.
 C = Inter-level travel time spent in this place.
 D = Time resting spent in this place.
 E = Time spent auto-exploring this place.
 F = Levels seen in this place.
 G = Mean time per level.
                   A        B        C        D        E       F      G
               +--------+--------+--------+--------+--------+-----+--------+
         Total |  16285 |  14553 |   1732 |    242 |  10781 |  20 |  814.2 |
       Dungeon |  10180 |   8892 |   1288 |     87 |   6785 |  11 |  925.5 |
        Temple |    230 |    199 |     31 |      0 |    190 |   1 |  230.0 |
          Lair |   5212 |   4809 |    403 |    101 |   3496 |   5 | 1042.4 |
  Orcish Mines |    302 |    293 |      9 |     54 |    129 |   2 |  151.0 |
         Sewer |    359 |    359 |      0 |      0 |    179 |   1 |  359.0 |
               +--------+--------+--------+--------+--------+-----+--------+

Top non-repeatable levels by time:
  Lair:5: 1352 daAuts
  Lair:3: 1150 daAuts
     D:7: 1140 daAuts
     D:1: 1102 daAuts
    D:10: 1077 daAuts
  Lair:1: 1040 daAuts
     D:9: 1015 daAuts
     D:5: 950 daAuts
     D:4: 935 daAuts
    D:11: 864 daAuts
     D:6: 857 daAuts
  Lair:4: 851 daAuts
     D:8: 825 daAuts
  Lair:2: 817 daAuts
     D:2: 796 daAuts
